 Dungeon Crawl Stone Soup version 0.27-a0-972-gd1521fd518 (webtiles) character file.

Game seed: 11862002077267766640

1985 Alarkh the Insei (level 9, -3/68 HPs)
             Began as a Demonspawn Transmuter on Apr 13, 2021.
             Was an Initiate of Cheibriados.
             Slain by a killer bee (8 damage)
             ... while paralysed by the fury of Uskayaw
             ... on level 6 of the Dungeon.
             The game lasted 00:10:27 (6628 turns).

Alarkh the Insei (Demonspawn Transmuter)            Turns: 6628, Time: 00:10:28

Health: -3/68      AC:  2    Str: 12    XL:     9   Next: 1%
Magic:  12/15      EV:  5    Int: 19    God:    Cheibriados [......]
Gold:   211        SH:  0    Dex: 19    Spells: 6/16 levels left

rFire    . . .     SeeInvis +     - Unarmed
rCold    . . .     Faith    .   (shield currently unavailable)
rNeg     . . .     Spirit   .   (armour currently unavailable)
rPois    x         Reflect  .   (helmet currently unavailable)
rElec    .         Harm     .   (cloak currently unavailable)
rCorr    .         Rampage  .   (gloves currently unavailable)
Will     .....                  (boots currently unavailable)
Stlth    ++........             t - amulet of the acrobat
HPRegen  0.21/turn              u - ring of see invisible
MPRegen  0.14/turn              (no ring)

@: paralysed, lethally poisoned (-3 -> -37), spider-form, very slow
A: venomous fangs, tiny, (thin metallic scales 1), powered by death 3,
condensation shield
a: End Transformation, Renounce Religion, Bend Time


You were on level 6 of the Dungeon.
You worshipped Cheibriados.
Cheibriados was noncommittal.
You were a venomous arachnid creature.
You visited 2 branches of the dungeon, and saw 8 of its levels.
You also visited: Sewer.

You collected 419 gold pieces.
You spent 208 gold pieces at shops.

Inventory:

Missiles
 x - 4 atropa-tipped darts
Armour
 a - a +0 robe (melded)
 l - a +2 cloak (melded)
Jewellery
 t - an amulet of the acrobat (around neck)
 u - a ring of see invisible (left front leg)
Scrolls
 c - 3 scrolls of magic mapping
 d - 4 scrolls of enchant armour
 j - 2 scrolls of teleportation
 m - 2 scrolls of fear {unknown}
 n - a scroll of acquirement {unknown}
 o - a scroll of holy word {unknown}
 p - 2 scrolls of vulnerability {unknown}
 r - 2 scrolls of identify
 s - a scroll of brand weapon {unknown}
 v - 3 scrolls of fog
Potions
 b - a potion of cancellation
 e - 3 potions of might
 f - a potion of resistance
 g - 3 potions of haste
 h - 2 potions of heal wounds
 i - 2 potions of curing
 k - 2 potions of magic
 q - 3 potions of flight
 w - a potion of mutation {unknown}


   Skills:
 + Level 5.6 Fighting
 - Level 1.7 Dodging
 + Level 2.1 Stealth
 * Level 7.8 Unarmed Combat
 - Level 4.0 Spellcasting
 - Level 4.0 Transmutations
 + Level 2.9 Invocations


You had 6 spell levels left.
You knew the following spells:

 Your Spells              Type           Power      Damage    Failure   Level
a - Beastly Appendage     Tmut           38%        N/A       10%         1
b - Wereblood             Tmut           19%        N/A       13%         2
c - Spider Form           Tmut/Pois      5%         N/A       38%         3
d - Ice Form              Ice/Tmut       11%        N/A       73%         4

Your spell library contained the following spells:

 Spells                   Type           Power      Damage    Failure   Level
 Summon Small Mammal      Summ           12%        N/A       32%         1
 Call Imp                 Summ           3%         N/A       41%         2
 Call Canine Familiar     Summ           3%         N/A       61%         3
 Summon Guardian Golem    Hex/Summ       3%         N/A       61%         3
 Hydra Form               Tmut           9%         N/A       78%         5
 Summon Ice Beast         Ice/Summ       3%         N/A       92%         4
 Summon Lightning Spire   Summ/Air       3%         N/A       92%         4


Dungeon Overview and Level Annotations

Branches:
Dungeon (7/15)             Temple (1/1) D:5           Sewer (visited)

Altars:
Cheibriados
Dithmenos
Fedhas
Hepliaklqana
Kikubaaqudgha
Makhleb
Nemelex Xobeh
Ru
Trog
Uskayaw
Wu Jian
Xom
Yredelemnul
Zin
The Shining One

Shops:
D:2 !   D:3 [   D:4 [[[*   D:5 (

Annotations:
D:6 1 transporter


Innate Abilities, Weirdness & Mutations

You are a venomous arachnid creature.
You have poisonous fangs.
You are tiny and dextrous.
Your spellcasting is less reliable in this form.
Your armour is entirely melded.
You are incapable of wielding weapons or throwing items.
((You are partially covered in thin metallic scales. (AC +2)))
You regenerate a lot of health from kills.
A meltable shield of frost defends you. (SH +4)


Message History

Found 33 arrows.
Found a stone staircase leading down.
There is a stone staircase leading up here.
The killer bee buzzes angrily.
The killer bee misses you. x2; You block the killer bee's attack.
You climb upwards.
Level annotation: 1 transporter
There is a stone staircase leading down here.
Casting: Spider Form (dangerous; 19% risk of failure)
Confirm with . or Enter, or press ? or * to list all spells.
You turn into a venomous arachnid creature.
Your +2 cloak melds into your body.
Your +0 robe melds into your body.
You block the killer bee's attack. The killer bee closely misses you.
The killer bee misses you. The killer bee stings you.
You are poisoned.
The killer bee poisons you!
Uskayaw booms out, "Time for someone else to take a solo" You suddenly lose the ability to move!
You feel very sick.
The killer bee stings you but does no damage.
The killer bee stings you. The killer bee barely misses you.
The killer bee stings you.
You are more poisoned.
The killer bee poisons you!
You feel extremely sick. The killer bee stings you.
You are more poisoned.
The killer bee poisons you! The killer bee stings you.
You are lethally poisoned!
The killer bee poisons you! The killer bee barely misses you.
The killer bee stings you.
You feel extremely sick. The killer bee stings you.
The killer bee barely misses you. The killer bee stings you.
* * * LOW HITPOINT WARNING * * *
The killer bee stings you.
* * * LOW HITPOINT WARNING * * *
* * * LOW HITPOINT WARNING * * *
You feel extremely sick. The killer bee stings you!
You die...

..# #........### #...#.#
..#####.......#..##### #####.#
......#########......#########.#
..###.# #......##.....##.# ..#
#.# #......##.....##.## ### #.#
####......##.......... #.#
#..+......'......(.... #.#
##.##.y....##.......... #.#
#....#s######.......... #.#
#....#y# #..........
#.#####....#.# #..........
#........###.######......[...
#........#........####.######
#........'........# #⌠.⌠## ##
#.#####..#........# ##...###.
#.########.#'###### ##......
#..........#.# ##..<..


You could see 2 killer bees.

Vanquished Creatures
  Eustachio (D:3)
  An ice beast (D:6)
  3 black bears
  3 ogres
  A centaur (D:5)
  2 phantoms (D:5)
  2 scorpions (D:4)
  A water moccasin zombie (D:5)
  A bullfrog zombie (D:5)
  A gnoll shaman (D:6)
  2 bullfrog skeletons (D:4)
  A centaur zombie (D:5)
  Crazy Yiuf (D:2)
  4 hounds
  3 jellies
  2 iguanas (D:6)
  10 adders
  9 gnolls
  2 howler monkey skeletons
  5 river rats (Sewer)
  A shadow imp (D:6)
  2 adder skeletons (D:4)
  2 worms (D:5)
  5 dart slugs
  6 orcs
  12 ball pythons
  6 endoplasms
  10 giant cockroaches
  5 goblins
  8 hobgoblins
  10 jackals
  6 quokkas
  3 bats
  11 frilled lizards
  7 kobolds
  12 rats
  A toadstool (D:2)
162 creatures vanquished.

Vanquished Creatures (others)
  58 plants
  3 toadstools (D:2)
61 creatures vanquished.

Grand Total: 223 creatures vanquished

Notes
Turn   | Place    | Note
-------+----------+-------------------------------------------
     0 | D:1      | Alarkh the Demonspawn Transmuter began the quest for the
                  | Orb.
     0 | D:1      | Reached XP level 1. HP: 15/15 MP: 3/3
   329 | D:1      | Gained mutation: You regenerate a little health from kills.
                  | [demonic ancestry]
   329 | D:1      | Reached XP level 2. HP: 18/21 MP: 3/5
   396 | D:1      | Reached skill level 3 in Unarmed Combat
  1274 | D:2      | Gained mutation: You are partially covered in thin metallic
                  | scales. (AC +2) [demonic ancestry]
  1274 | D:2      | Reached XP level 3. HP: 26/26 MP: 4/6
  1285 | D:2      | Found Ateuso's Distillery.
  1308 | D:2      | Bought a potion of heal wounds for 65 gold pieces
  1330 | D:2      | Bought a potion of curing for 39 gold pieces
  1594 | D:2      | Found a runed translucent door.
  1595 | D:2      | Noticed Crazy Yiuf
  1651 | D:2      | Learned a level 2 spell: Wereblood
  1655 | D:2      | Learned a level 3 spell: Spider Form
  1708 | D:2      | Found a sacrificial altar of Ru.
  1810 | D:2      | Killed Crazy Yiuf
  1811 | D:2      | Reached XP level 4. HP: 19/33 MP: 3/7
  1895 | D:3      | Found Ygud's Armour Boutique.
  1951 | D:2      | Bought a potion of berserk rage for 65 gold pieces
  2471 | D:3      | Found a hazy altar of Hepliaklqana.
  2472 | D:3      | Found a shimmering altar of Xom.
  2474 | D:3      | Noticed a spectral ugly thing
  2746 | D:3      | Gained mutation: A meltable shield of frost defends you.
                  | (SH +4) [demonic ancestry]
  2746 | D:3      | Reached XP level 5. HP: 37/38 MP: 7/9
  2951 | D:4      | Noticed Eustachio
  3147 | D:3      | Killed Eustachio
  3148 | D:3      | Reached skill level 4 in Unarmed Combat
  3148 | D:3      | Reached XP level 6. HP: 13/46 MP: 7/10
  3351 | D:4      | Found Utugoss's Assorted Antiques.
  3422 | D:2      | Bought a potion of flight for 39 gold pieces
  3542 | D:4      | Found Qoecoth's Antique Armour Boutique.
  3544 | D:4      | Found Zuegoaf's Antique Armour Shoppe.
  3572 | D:4      | Found Kekkeatso's Antique Armour Boutique.
  3695 | D:4      | Learned a level 4 spell: Ice Form
  3739 | D:4      | Reached skill level 5 in Unarmed Combat
  3739 | D:4      | Gained mutation: You regenerate health from kills. [demonic
                  | ancestry]
  3739 | D:4      | Reached XP level 7. HP: 52/52 MP: 8/12
  4334 | D:5      | Entered Level 5 of the Dungeon
  4345 | D:5      | Found a staircase to the Ecumenical Temple.
  4380 | D:5      | Identified the +6 falchion "Coowufryu" {pain, *Rage rPois
                  | rC+ Str+2}
  4411 | Temple   | Entered the Ecumenical Temple
  4501 | Temple   | Became a worshipper of Uskayaw the Reveller
  4533 | D:5      | Reached * piety under Uskayaw
  4657 | D:5      | Found a glowing drain.
  4683 | Sewer    | Entered a sewer
  4781 | Sewer    | Reached skill level 6 in Unarmed Combat
  4844 | Sewer    | Reached ** piety under Uskayaw
  4852 | Sewer    | Reached *** piety under Uskayaw
  4873 | Sewer    | Reached **** piety under Uskayaw
  4984 | Sewer    | Gained mutation: You regenerate a lot of health from kills.
                  | [demonic ancestry]
  4984 | Sewer    | Reached XP level 8. HP: 56/60 MP: 14/14
  5246 | D:5      | Found Cied's Hydra Hut.
  5250 | D:5      | Noticed a four-headed hydra
  5429 | D:5      | Reached ***** piety under Uskayaw
  5433 | D:5      | Reached skill level 5 in Fighting
  5433 | D:5      | Reached skill level 7 in Unarmed Combat
  5514 | D:5      | Found a snail-covered altar of Cheibriados.
  5840 | D:5      | Fell from the grace of Uskayaw
  5840 | D:5      | Became a worshipper of Cheibriados the Contemplative
  5870 | D:6      | Reached skill level 1 in Invocations
  5877 | D:6      | Reached skill level 1 in Stealth
  6131 | D:6      | Found a sparkling altar of Nemelex Xobeh.
  6131 | D:6      | Found a transporter.
  6131 | D:6      | Noticed a meliai
  6131 | D:6      | Noticed an unseen horror
  6171 | D:6      | Found a burning altar of Makhleb.
  6173 | D:6      | Noticed a balrug
  6189 | D:6      | Noticed an angel
  6447 | D:6      | Reached XP level 9. HP: 63/68 MP: 11/15
  6624 | D:6      | Paralysed by the fury of Uskayaw for 5 turns
  6628 | D:6      | Slain by a killer bee

Illustrated notes

Levels and vault maps discovered:
D:1:      minmay_arrival_diagonal_passages, layout_basic,
          minmay_worlds_worst_comb
D:2:      layout_basic, serial_shops, shop_coins, basic_altar,
          minmay_gold_behind_fungi, uniq_crazy_yiuf_cottage
D:3:      layout_basic, regret_index_temple_of_mockery, serial_shops, shop,
          serial_bayou_lagoon_a
D:4:      minmay_octagon_keep, layout_cave_pools, serial_shops, shop_statue,
          nicolae_shop_crystal, nicolae_shop_window_shopping,
          kennysheep_mini_moat, uniq_eustachio
D:5:      layout_loops_ring, cheibrodos_worm_habitat, temple_doors_e,
          gup_sewer_entry_pipe, doesnt_shop_hydraphobe
D:6:      layout_basic, grunt_temple_overflow_order_and_chaos_2,
          grunt_nemelex_the_gamble, grunt_ministairs_8
D:7:      layout_rooms, nicolae_ashenzari_panopticon,
          nicolae_qazlal_scattered_showers
Temple:   jpeg_temple_island

Skill      XL: |  1  2  3  4  5  6  7  8 |
---------------+-------------------------+-----
Unarmed Combat | 3 4 5 6 7 |  7.8
Transmutations | 2 3 4 |  4.0
Fighting       | 2 3 4 5 |  5.6
Spellcasting   | 3 4 |  4.0
Invocations    | 2 |  2.9
Stealth        | 2 |  2.1
Dodging        | |  1.7

Action                   |  1- 3 |  4- 6 |  7- 9 || total
-------------------------+-------+-------+-------++-------
Melee: Unarmed           |   136 |   159 |   357 ||   652
       Kick              |    20 |    20 |     1 ||    41
       Headbutt          |     7 |     5 |     3 ||    15
       Punch             |     3 |       |     2 ||     5
 Cast: Beastly Appendage |    27 |    18 |     2 ||    47
       Spider Form       |     1 |     7 |    18 ||    26
  Use: Scroll            |     1 |       |     9 ||    10
       Potion            |       |       |     1 ||     1
 Stab: Sleeping          |       |       |     5 ||     5
       Paralysed         |       |       |     6 ||     6
       Distracted        |       |       |     1 ||     1
Armor: Robe              |    28 |    32 |    42 ||   102
       Skin              |       |     7 |    15 ||    22
Dodge: Dodged            |    79 |   140 |   242 ||   461
Block: Other             |       |    22 |    55 ||    77

Table legend: (Time is in decaauts)
 A = Elapsed time spent in this place.
 B = Non-inter-level travel time spent in this place.
 C = Inter-level travel time spent in this place.
 D = Time resting spent in this place.
 E = Time spent auto-exploring this place.
 F = Levels seen in this place.
 G = Mean time per level.
                   A        B        C        D        E       F      G
               +--------+--------+--------+--------+--------+-----+--------+
         Total |   6866 |   6348 |    518 |    146 |   4882 |   9 |  762.9 |
       Dungeon |   6296 |   5796 |    500 |    146 |   4538 |   7 |  899.4 |
        Temple |    108 |     90 |     18 |      0 |     80 |   1 |  108.0 |
         Sewer |    461 |    461 |      0 |      0 |    264 |   1 |  461.0 |
               +--------+--------+--------+--------+--------+-----+--------+

Top non-repeatable levels by time:
     D:3: 1318 daAuts
     D:1: 1256 daAuts
     D:5: 1011 daAuts
     D:4: 1001 daAuts
     D:6: 955 daAuts
     D:2: 750 daAuts
   Sewer: 461 daAuts
  Temple: 108 daAuts
     D:7: 2 daAuts
